 Dungeon Crawl Stone Soup version 0.23.0 (webtiles) character file.

Game seed: 1262223997772404782

828 Gargoyl the Chopper (level 7, -13/60 HPs)
             Began as a Centaur Abyssal Knight on Feb 9, 2019.
             Was a Priest of Lugonu.
             Blown up by Pikel (15 damage)
             ... with a wand of disintegration (8)
             ... on level 4 of the Dungeon.
             The game lasted 00:08:40 (4753 turns).

Gargoyl the Chopper (Centaur Abyssal Knight)        Turns: 4753, Time: 00:08:40

Health: -13/60     AC: 11    Str: 15    XL:     7   Next: 65%
Magic:  10/10      EV: 10    Int: 11    God:    Lugonu [***...]
Gold:   231        SH:  0    Dex: 15    Spells: 6/6 levels left

rFire    . . .     SeeInvis .   a - +1 hand axe
rCold    . . .     Gourm    .   (no shield)
rNeg     . . .     Faith    .   j - +0 chain mail
rPois    .         Spirit   .   d - +2 hat
rElec    .         Reflect  .   (no cloak)
rCorr    .         Harm     .   g - +0 pair of gloves {archery}
MR       +....                  (no barding)
Stlth    ..........             e - amulet of Fyppigur {Acrobat +Blink}
HPRegen  0.20/turn              f - ring of protection from magic
MPRegen  0.12/turn              (no ring)

@: agile, very quick
A: large, hooves 3, deformed body, speed 2, tough skin 3
a: Depart the Abyss, Bend Space, Banish, Renounce Religion, Evoke Blink


You were on level 4 of the Dungeon.
You worshipped Lugonu.
Lugonu was most pleased with you.
You were not hungry.

You visited 1 branch of the dungeon, and saw 4 of its levels.
You visited the Abyss 1 time.

You collected 231 gold pieces.

Inventory:

Hand Weapons
 a - a +1 hand axe (weapon)
 m - a +0 war axe
Missiles
 k - 3 javelins (quivered)
Armour
 d - a +2 hat (worn)
 g - a +0 pair of gloves of archery (worn)
 j - a +0 chain mail (worn)
Jewellery
 e - the amulet of Fyppigur (around neck) {Acrobat +Blink}
   (You found it on level 2 of the Abyss)

   [amulet of the acrobat]

   It helps you evade while moving and waiting.
   It lets you blink.
 f - a ring of protection from magic (left hand)
Scrolls
 h - a scroll of summoning
 l - 2 scrolls of remove curse
 n - a scroll of magic mapping
 r - a scroll of enchant armour {unknown}
Potions
 b - a potion of brilliance {unknown}
 i - 3 potions of curing
 p - a potion of flight {unknown}
 q - a potion of resistance {unknown}
Comestibles
 c - 10 rations
 s - 6 chunks of flesh


   Skills:
 + Level 4.4 Fighting
 + Level 4.5 Axes
 * Level 3.7 Armour
 * Level 2.2 Dodging
 * Level 4.0 Invocations


You had 6 spell levels left.
You didn't know any spells.
Your spell library was empty.

Dungeon Overview and Level Annotations

Branches:
Dungeon (4/15)
 Temple: D:4-7

Altars:
Dithmenos
Makhleb
Nemelex Xobeh
Uskayaw
Vehumet

Annotations:
D:4 Pikel


Innate Abilities, Weirdness & Mutations

You have hooves in place of feet.
Armour fits poorly on your strangely shaped body.
You cover ground very quickly.
You have extremely tough skin. (AC +3)


Message History

Pikel hits you but does no damage.
You are electrocuted!
* * * LOW HITPOINT WARNING * * *
You miss Pikel.
Pikel hits you with a +2 whip of electrocution!
* * * LOW HITPOINT WARNING * * *
You hit Pikel. You kick Pikel.
Pikel is lightly wounded.
Pikel hits you but does no damage.
There is a stone staircase leading down here.
Press: ? - help, Shift-Dir - straight line, f - Pikel
Aim: Pikel, wielding a +2 whip of electrocution, wearing a +0 robe and carrying a wand of disintegration (9) (lightly wounded, chance to defeat MR: 83%)
You fail to use your ability.
Pikel hits you with a +2 whip of electrocution.
* * * LOW HITPOINT WARNING * * *
There is a stone staircase leading up here.
Pikel zaps a wand.
You resist with some effort.
Press: ? - help, Shift-Dir - straight line, f/p - Pikel
Aim: Pikel, wielding a +2 whip of electrocution, wearing a +0 robe and carrying a wand of disintegration (8) (lightly wounded, chance to defeat MR: 83%)
You fail to use your ability.
Pikel zaps a wand.
You are blasted!
You die...

#######.###..# #.##.# #.#.#
.............#####.##.#####
#....
#######.................†.#
#.8.. #.###.#.####.##.###.#
#.... #####....###.....##.#
#.###.8..
#.........#.........#
#....[...
#.###.###...######..#
#####.8.. #.# #.#.######..#
#.... #. #.#
#.....@.....#########.. #.#
#.# ###.######.K..>...[..#.
#.###.# #.# ###########.#.
#.#...# #.# #.#. #.#.###
#.# ##... ###.#<# #.# #....
....#.#######.#
#########.... #............
#............ ##.#.########
#.######.###.


You could see Pikel.

Vanquished Creatures
  Purgy (D:4)
  4 slaves (D:4)
  A phantom (D:4)
  A centaur (D:4)
  A howler monkey (D:4)
  A crimson imp (D:3)
  2 hounds
  3 orc priests
  An orc wizard (D:3)
  3 iguanas (D:4)
  A worker ant (D:4)
  3 gnolls (D:2)
  7 adders
  An ooze (D:2)
  3 worms
  8 dart slugs
  3 leopard geckos
  10 orcs
  6 giant cockroaches
  5 goblins
  10 hobgoblins
  7 jackals
  9 kobolds
  A quokka (D:2)
  2 ball pythons
  8 bats
  5 frilled lizards
  7 rats
114 creatures vanquished.

Notes
Turn   | Place    | Note
-------+----------+-------------------------------------------
     0 | Abyss:1  | Gargoyl the Centaur Abyssal Knight began the quest for the
                  | Orb.
     0 | Abyss:1  | Reached XP level 1. HP: 19/19 MP: 2/2
    30 | Abyss:2  | Got a flickering diamond amulet
    31 | Abyss:2  | Identified the amulet of Fyppigur {Acrobat +Blink} (You
                  | found it on level 2 of the Abyss)
    35 | Abyss:2  | Noticed an alligator skeleton
    35 | Abyss:2  | Noticed a wight
    96 | Abyss:4  | Noticed a large abomination
   119 | D:1      | Escaped the Abyss
   236 | D:1      | Reached * piety under Lugonu
   537 | D:1      | Reached XP level 2. HP: 26/26 MP: 3/3
   600 | D:1      | Reached skill level 1 in Dodging
   836 | D:1      | Reached XP level 3. HP: 29/31 MP: 4/4
  1428 | D:2      | Reached XP level 4. HP: 10/39 MP: 5/5
  1772 | D:2      | Reached ** piety under Lugonu
  2492 | D:3      | Reached XP level 5. HP: 35/46 MP: 7/7
  2905 | D:3      | Found a shadowy altar of Dithmenos.
  3197 | D:3      | Found a faded altar of an unknown god.
  3244 | D:3      | Reached XP level 6. HP: 41/52 MP: 8/8
  3247 | D:3      | Reached *** piety under Lugonu
  3400 | D:3      | Found a burning altar of Makhleb.
  3499 | D:3      | Found a sparkling altar of Nemelex Xobeh.
  3950 | D:4      | Found a hide-covered altar of Uskayaw.
  3973 | D:4      | Noticed a slave
  4250 | D:4      | Reached XP level 7. HP: 52/59 MP: 9/9
  4288 | D:4      | Found a radiant altar of Vehumet.
  4620 | D:4      | Noticed Purgy
  4643 | D:4      | Killed Purgy
  4709 | D:4      | Noticed Pikel
  4744 | D:4      | HP: 1/60 [Pikel/+2 whip of electrocution (6)]
  4753 | D:4      | Blown up by Pikel

Skill      XL: |  1  2  3  4  5  6  7 |
---------------+----------------------+-----
Axes           | 2 3 4 |  4.5
Dodging        | 1 2 |  2.2
Armour         | 2 3 |  3.7
Invocations    | 3 4 |  4.0
Fighting       | 4 |  4.4

Action                   |  1- 3 |  4- 6 |  7- 9 || total
-------------------------+-------+-------+-------++-------
Melee: Hand axe          |    94 |   242 |   118 ||   454
       Kick              |    15 |    49 |    35 ||    99
Invok: Depart the Abyss  |     1 |       |       ||     1
       Bend Space        |       |     1 |       ||     1
  Use: Potion            |     2 |       |     1 ||     3
       Scroll            |       |     6 |       ||     6
  Eat: Chunk             |     1 |     7 |       ||     8
       Ration            |       |     1 |       ||     1
Armor: Leather armour    |     5 |       |       ||     5
       Chain mail        |    65 |   166 |    80 ||   311
Dodge: Dodged            |    65 |   100 |    44 ||   209
